 Dungeon Crawl Stone Soup version 0.22.1-1-ga44c0e56f4 (webtiles) character file.

9945 Blejac999 the Grappler (level 11, -5/88 (89) HPs)
             Began as a Ghoul Monk on Sept 20, 2018.
             Was an Elder of Wu Jian.
             Slain by an eight-headed hydra (13 damage)
             ... on level 11 of the Dungeon.
             The game lasted 00:24:07 (13169 turns).

Blejac999 the Grappler (Ghoul Monk)                Turns: 13169, Time: 00:24:08

HP:   -5/88 (89)    AC:  7    Str: 17    XL:     11   Next: 54%
MP:   10/10         EV: 17    Int:  5    God:    Wu Jian [****..]
Gold: 678           SH:  0    Dex: 17    Spells: 7/10 levels left

rFire    . . .     SeeInvis .     - Unarmed
rCold    + + .     Gourm    .   (no shield)
rNeg     + + +     Faith    .   u - +0 robe {rC+}
rPois    ∞         Spirit   .   n - +1 helmet
rElec    .         Reflect  .   d - +1 cloak
rCorr    .         Harm     .   (no gloves)
MR       .....                  c - +0 pair of boots
Stlth    ++++......             (no amulet)
HPRegen  0.00/turn              a - ring of flight
MPRegen  0.12/turn              f - +4 ring of dexterity

@: rotting
A: rotting body, claws 1, carnivore, cold resistance 1, negative energy
resistance 3, inhibited regeneration, torment resistance, unbreathing
a: Wall Jump, Serpent's Lash, Renounce Religion, Evoke Flight


You were on level 11 of the Dungeon.
You worshipped Wu Jian.
Wu Jian was greatly pleased with you.
You were not hungry.

You visited 2 branches of the dungeon, and saw 12 of its levels.

You collected 678 gold pieces.

Inventory:

Armour
 c - a +0 pair of boots (worn)
 d - a +1 cloak (worn)
 n - a +1 helmet (worn)
 u - a +0 robe of cold resistance (worn)
Jewellery
 a - a ring of flight (left claw)
 f - a +4 ring of dexterity (right claw)
 l - an uncursed ring of resist corrosion
 o - an uncursed ring of protection from cold
Wands
 h - a wand of polymorph (12)
 k - a wand of random effects (27)
 r - a wand of clouds (5)
Scrolls
 i - 5 scrolls of identify
 j - 6 scrolls of remove curse
 m - 2 scrolls of magic mapping
 p - a scroll of enchant weapon
 q - 3 scrolls of enchant armour
Potions
 e - 2 potions of haste
 v - a potion of flight
Comestibles
 b - 16 rations


   Skills:
 + Level 6.2 Fighting
 + Level 7.8 Dodging
 + Level 8.8 Stealth
 + Level 14.3 Unarmed Combat
 + Level 0.6 Evocations


You had 7 spell levels left.
You knew the following spells:

 Your Spells              Type           Power        Failure   Level  Hunger
a - Magic Dart            Conj           #...         47%         1    ##.....
b - Searing Ray           Conj           #.....       63%         2    ###....

Your spell library contained the following spells:

 Spells                   Type           Power        Failure   Level  Hunger
 Dazzling Spray           Conj/Hex       #.....       85%         3    ####...
 Force Lance              Conj/Tloc      #.......     99%         4    #####..
 Fulminant Prism          Conj/Hex       #.........   99%         4    #####..
 Iskenderun's Mystic Bla  Conj           #.......     99%         4    #####..


Dungeon Overview and Level Annotations

Branches:
Dungeon (11/15)            Temple (1/1) D:6
   Lair: D:8-11         Orc: D:9-12

Altars:
Ashenzari
Cheibriados
Dithmenos
Elyvilon
Fedhas
Gozag
Kikubaaqudgha
Makhleb
Nemelex Xobeh
Okawaru
Qazlal
Ru
Sif Muna
Trog
Uskayaw
Vehumet
Wu Jian
Xom
Zin
The Shining One

Shops:
D:6 [   D:8 *   D:9 ?

Annotations:
D:4 2 runed doors, xpt754's ghost, novice HOFi
D:5 1 runed door
D:9 1 runed door, Azzok's ghost, novice GnTm
D:10 Fannar


Innate Abilities, Weirdness & Mutations

Your body is rotting away.
You thrive on raw meat.
You are immune to poison.
You have sharp fingernails.
You are carnivorous and can eat meat at any time.
Your flesh is cold resistant. (rC+)
You are immune to negative energy. (rN+++)
You do not regenerate when monsters are visible.
You are immune to unholy pain and torment.
You can survive without breathing.


Message History

You spin and attack the eight-headed hydra.
You claw the eight-headed hydra!
Your claw misses the eight-headed hydra.
The eight-headed hydra is severely wounded.
The eight-headed hydra bites you. x2
The eight-headed hydra bites you but does no damage. x2
The eight-headed hydra misses you. x2
The eight-headed hydra completely misses you. x2
You spin and attack the eight-headed hydra.
You mangle the eight-headed hydra!!
The eight-headed hydra is almost dead.
The eight-headed hydra misses you. The eight-headed hydra bites you!
* * * LOW HITPOINT WARNING * * *
The eight-headed hydra misses you. x2
The eight-headed hydra completely misses you.
The eight-headed hydra bites you!
* * * LOW HITPOINT WARNING * * *
The eight-headed hydra barely misses you.
The eight-headed hydra bites you!
You die...

..........####.#.#.#.#.######..#
..........##.).#.#...#...).##..##
..........#..#.#.###.###)#.##.)..
..........#.##.....#...#.#..'..[.
..........#.######.###)#.####.)..
..........#.##.....#.(.#.# #....
..........#.##.#########.# #....
..........'.##..D........# #....
........o.######@######### #####
###+####### #.# #.# #.. ##. .. #'
..


You could see an eight-headed hydra (pinned).

Vanquished Creatures
  3 two-headed ogres
  Pikel (D:7)
  An ugly thing (D:10)
  Joseph (D:9)
  Maurice (D:9)
  A gargoyle (D:11)
  A hippogriff (D:7)
  A spriggan (D:8)
  4 yaks (D:5)
  A hungry ghost (D:8)
  Menkaure (D:5)
  Duvessa (D:7)
  A water moccasin (D:10)
  5 orc warriors
  4 ice beasts
  2 sky beasts
  A hornet zombie (D:6)
  A phantom (D:9)
  4 ogres
  4 centaurs
  2 bullfrogs
  A wyvern skeleton (D:8)
  Dowan (D:7)
  5 scorpions
  5 killer bees (D:9)
  10 wights
  9 crimson imps
  3 bullfrog zombies
  3 quasits
  10 orc wizards
  8 hounds
  2 jellies
  6 orc priests
  A bullfrog skeleton (D:9)
  2 iguanas
  Natasha (thrice) (D:4)
  8 worker ants
  A killer bee zombie (D:7)
  A worker ant zombie (D:5)
  8 gnolls
  9 adders
  3 shadow imps
  An ooze (D:3)
  4 adder skeletons
  A worm (D:3)
  5 leopard geckos
  40 orcs
  2 giant cockroaches
  6 hobgoblins
  10 kobolds
  8 quokkas
  A ball python (D:5)
  5 bats
  5 frilled lizards
  7 goblins
  4 rats
239 creatures vanquished.

Vanquished Creatures (others)
  3 slaves (D:7)
  A centaur (D:7)
  A bullfrog (D:7)
  A bullfrog zombie (D:7)
  An orc wizard (D:11)
  12 fungi
  3 plants (D:10)
22 creatures vanquished.

Grand Total: 261 creatures vanquished

Notes
Turn   | Place    | Note
-------+----------+-------------------------------------------
     0 | D:1      | Blejac999 the Ghoul Monk began the quest for the Orb.
     0 | D:1      | Reached XP level 1. HP: 19/19 MP: 0/0
   211 | D:1      | Reached XP level 2. HP: 13/26 MP: 1/1
  1175 | D:2      | Reached XP level 3. HP: 31/31 MP: 2/2
  1359 | D:2      | Reached skill level 4 in Unarmed Combat
  1426 | D:2      | Noticed Natasha
  2061 | D:3      | Reached XP level 4. HP: 27/40 MP: 3/3
  2813 | D:3      | Reached XP level 5. HP: 41/46 MP: 4/4
  3175 | D:4      | Reached skill level 5 in Unarmed Combat
  3533 | D:4      | Found a large runed door.
  3533 | D:4      | Found a large runed door.
  3536 | D:4      | Noticed xpt754's ghost (novice HOFi)
  3682 | D:4      | Noticed an ogre
  3690 | D:4      | Killed an ogre
  3690 | D:4      | Reached XP level 6. HP: 52/52 MP: 5/5
  3734 | D:4      | Reached skill level 6 in Unarmed Combat
  3838 | D:4      | Reached XP level 7. HP: 33/59 MP: 6/6
  4171 | D:4      | Killed Natasha
  4179 | D:4      | Noticed Natasha
  4184 | D:4      | Killed Natasha
  4229 | D:4      | Reached skill level 7 in Unarmed Combat
  4466 | D:4      | Noticed Natasha
  4476 | D:4      | Killed Natasha
  4489 | D:5      | Entered Level 5 of the Dungeon
  4576 | D:5      | Noticed Menkaure
  4583 | D:5      | Killed Menkaure
  4583 | D:5      | Reached skill level 8 in Unarmed Combat
  4583 | D:5      | Reached XP level 8. HP: 35/66 MP: 7/7
  5396 | D:5      | Reached skill level 5 in Dodging
  5563 | D:5      | Found a runed door.
  6008 | D:6      | Noticed a yak
  6008 | D:6      | Noticed a yak
  6008 | D:6      | Noticed a yak
  6008 | D:6      | Noticed a yak
  6033 | D:5      | Reached skill level 9 in Unarmed Combat
  6130 | D:5      | Killed a yak
  6130 | D:5      | Reached skill level 5 in Stealth
  6292 | D:5      | Killed a yak
  6296 | D:5      | Reached XP level 9. HP: 21/72 MP: 8/8
  6669 | D:5      | Reached skill level 10 in Unarmed Combat
  7023 | D:6      | Found a staircase to the Ecumenical Temple.
  7066 | Temple   | Entered the Ecumenical Temple
  7139 | Temple   | Became a worshipper of the Wu Jian Council
  7139 | Temple   | Reached * piety under Wu Jian
  7139 | Temple   | Reached ** piety under Wu Jian
  7208 | D:6      | Found a stormy altar of Qazlal.
  7286 | D:6      | Found Oras's Armour Shoppe.
  7666 | D:7      | Noticed Pikel
  7769 | D:7      | Killed Pikel
  7769 | D:7      | Reached skill level 5 in Fighting
  7769 | D:7      | Reached skill level 11 in Unarmed Combat
  7938 | D:7      | Reached XP level 10. HP: 80/81 MP: 9/9
  8362 | D:7      | Noticed Duvessa
  8367 | D:7      | Noticed Dowan
  8375 | D:7      | Killed Dowan
  8408 | D:7      | Killed Duvessa
  8656 | D:8      | Found a snail-covered altar of Cheibriados.
  9117 | D:8      | Found a burning altar of Makhleb.
  9198 | D:8      | Found Jakhleufe's General Store.
  9572 | D:8      | Reached skill level 12 in Unarmed Combat
 10036 | D:8      | Reached *** piety under Wu Jian
 10752 | D:9      | Noticed a two-headed ogre
 10762 | D:9      | Killed a two-headed ogre
 10802 | D:9      | Found a runed door.
 10802 | D:9      | Found a shimmering altar of Xom.
 10802 | D:9      | Noticed Azzok's ghost (novice GnTm)
 10805 | D:9      | Noticed a rapier of chaos
 10876 | D:9      | Reached skill level 13 in Unarmed Combat
 11049 | D:9      | Found Naomp's Magic Scroll Emporium.
 11064 | D:9      | Noticed Joseph
 11064 | D:9      | Noticed a two-headed ogre
 11092 | D:9      | Killed a two-headed ogre
 11092 | D:9      | Reached XP level 11. HP: 21/89 MP: 10/10
 11403 | D:9      | Killed Joseph
 11670 | D:9      | Noticed Maurice
 11683 | D:9      | Killed Maurice
 11699 | D:9      | Learned a level 1 spell: Magic Dart
 11702 | D:9      | Learned a level 2 spell: Searing Ray
 12237 | D:10     | Entered Level 10 of the Dungeon
 12366 | D:10     | Got a translucent ring mail
 12377 | D:10     | Identified the +5 ring mail "Pouso" {Int+2} (You found it
                  | on level 10 of the Dungeon)
 12441 | D:10     | Noticed a cyan ugly thing
 12451 | D:10     | Killed a cyan ugly thing
 12460 | D:10     | Noticed Fannar
 12480 | D:11     | Reached skill level 14 in Unarmed Combat
 12800 | D:11     | Reached **** piety under Wu Jian
 12842 | D:11     | Noticed a two-headed ogre
 12863 | D:11     | Killed a two-headed ogre
 12921 | D:11     | Noticed an eight-headed hydra
 13169 | D:11     | Slain by an eight-headed hydra

Skill      XL: |  1  2  3  4  5  6  7  8  9 10 11 |
---------------+----------------------------------+-----
Dodging        | 3 4 5 6 7 |  7.8
Unarmed Combat | 4 5 6 8 9 11 13 14 | 14.3
Stealth        | 3 4 5 6 7 8 |  8.8
Fighting       | 4 5 6 |  6.2
Evocations     | |  0.6

Action                   |  1- 3 |  4- 6 |  7- 9 | 10-12 || total
-------------------------+-------+-------+-------+-------++-------
Melee: Unarmed           |   123 |   145 |   317 |   369 ||   954
       Punch             |       |     4 |    11 |    25 ||    40
Throw: Throwing net      |       |       |       |     1 ||     1
Invok: Whirlwind         |       |       |    17 |    31 ||    48
       Lunge             |       |       |     6 |    20 ||    26
       Wall Jump         |       |       |     1 |     3 ||     4
       Serpent's Lash    |       |       |       |     1 ||     1
Evoke: Wand              |       |       |     3 |     1 ||     4
  Use: Potion            |     9 |     5 |     4 |     4 ||    22
       Scroll            |     3 |     1 |     3 |     5 ||    12
 Stab: Sleeping          |     3 |     3 |     8 |    10 ||    24
       Distracted        |       |       |     2 |     2 ||     4
       Held in net/web   |       |       |       |     2 ||     2
  Eat: Chunk             |     3 |     8 |    10 |    25 ||    46
       Ration            |       |       |     1 |     1 ||     2
Armor: Robe              |    39 |    27 |    65 |    70 ||   201
Dodge: Dodged            |    79 |    92 |   174 |   242 ||   587
